 Dungeon Crawl Stone Soup version 0.29.0-5-ge4962eb29e (webtiles) character file.

Game seed: 4362202796024772295

23 Arcadio the Chopper (level 2, -2/27 HPs)
             Began as a Minotaur Berserker on Aug 28, 2022.
             Was a Follower of Trog.
             Killed from afar by an orc wizard (12 damage)
             ... with a puff of flame
             ... on level 3 of the Dungeon.
             The game lasted 00:01:38 (621 turns).

Arcadio the Chopper (Minotaur Berserker)             Turns: 621, Time: 00:01:40

Health: -2/27      AC:  2    Str: 21    XL:     2   Next: 72%
Magic:  1/1        EV: 12    Int:  4    God:    Trog [*.....]
Gold:   78         SH:  0    Dex:  9    Spells: 1/1 levels left

rFire   . . .      SeeInvis .   a - +0 hand axe
rCold   . . .      Faith    .   (no shield)
rNeg    . . .      Spirit   .   b - +0 animal skin
rPois   .          Reflect  .   (helmet restricted)
rElec   .          Harm     .   (no cloak)
rCorr   .          Rampage  .   (no gloves)
Will    .....                   (no boots)
Stlth   +.........              (no amulet)
HPRegen 0.09/turn               (no ring)
MPRegen 0.07/turn               (no ring)

@: no status effects
A: horns 2, retaliatory headbutt
a: Renounce Religion, Berserk


You were on level 3 of the Dungeon.
You worshipped Trog.
Trog was aware of your devotion.
You visited 1 branch of the dungeon, and saw 3 of its levels.

You collected 78 gold pieces.

Inventory:

Hand Weapons
 a - a +0 hand axe (weapon)
Armour
 b - a +0 animal skin (worn)
Scrolls
 g - a scroll of immolation {unknown}
 h - a scroll of identify {unknown}
Potions
 c - a potion of curing {unknown}
 d - a potion of heal wounds {unknown}
 e - 2 potions of ambrosia {unknown}
 f - a potion of magic {unknown}


   Skills:
 + Level 4.1 Fighting
 + Level 4.1 Axes
 + Level 3.0 Armour
 - Level 2.1 Dodging


You had one spell level left.
You didn't know any spells.
Your spell library was empty.

Dungeon Overview and Level Annotations

Branches:
Dungeon (3/15) Zot: 17374

Altars:
Uskayaw

Shops:
D:2 *


Innate Abilities, Weirdness & Mutations

You have a pair of horns on your head.
You reflexively headbutt those who attack you in melee.


Message History

You now have 78 gold pieces (gained 18).
Found an escape hatch in the ceiling.
Found a stone staircase leading down.
Found a robe.
Found 4 boomerangs.
There is a stone staircase leading down here.
You can't go down here!
There is a stone staircase leading down here.
You climb downwards.
The orc shouts! x2; The orc wizard shouts!
Found three items.
Found a hide-covered altar of Uskayaw.
There is a stone staircase leading up here.
The ball python hisses angrily.
A goblin comes into view. It is wielding a +0 dagger.
The orc attacks as you move away! The orc hits you with a +0 hand axe.
The goblin shouts!
You hit the orc.
The orc is severely wounded.
You hear a shout!
The bat closely misses you. The orc hits you with a +0 hand axe.
You slash the orc!
You kill the orc!
Trog accepts your kill.
You hit the bat.
You kill the bat!
Trog accepts your kill.
An orc priest comes into view.
It is wielding a +0 flail and wearing a +1 scale mail of cold resistance.
Found a book of Blood and a scroll labelled LUAREAM NIEFAGH.
Found a stone staircase leading up.
The orc priest shouts!
An orc priest comes into view. It is wielding a +0 trident.
The orc wizard gestures at you while chanting.
The puff of flame hits you! The goblin attacks as you move away!
The goblin barely misses you. You furiously retaliate!
You headbutt the goblin.
You kill the goblin!
Trog accepts your kill.
The orc wizard gestures at you while chanting.
The puff of flame hits you!
You die...

...o.oo##.......#
.... #.o.......#
...o###.#o......#
...S.)g.#.o.....#
.....o###<..:...#
......# #.......#
#.#..<# #.......#
._....#
#.....).#####.#
#.#.!.#
#.......@.....#
?.....#
#.......#######
###.### #.......#
#. .........# ##
###########


You could see an orc wizard and an orc.

Vanquished Creatures
  An orc (D:3)
  A ball python (D:2)
  3 bats
  2 endoplasms (D:1)
  2 giant cockroaches (D:1)
  4 goblins
  A kobold (D:1)
  2 quokkas (D:1)
  2 frilled lizards
  A rat (D:1)
19 creatures vanquished.

Notes
Turn   | Place    | Note
-------+----------+-------------------------------------------
     0 | D:1      | Arcadio the Minotaur Berserker began the quest for the Orb.
     0 | D:1      | Reached XP level 1. HP: 19/19 MP: 0/0
   189 | D:1      | Reached XP level 2. HP: 24/27 MP: 1/1
   510 | D:2      | Found Naisozed's General Store.
   605 | D:3      | Found a hide-covered altar of Uskayaw.
   621 | D:3      | Killed from afar by an orc wizard

Illustrated notes

Levels and vault maps discovered:
D:1:      dpeg_arrival_rooms_b, layout_basic,
          hellmonk_ecumenical_altar_crossroads
D:2:      layout_loops_corners, serial_shops, shop_statue, uniq_jessica
D:3:      layout_loops_cross, lemuel_crystal_altar, tso_metal_star,
          corner_web_ring, serial_bayou_crossing

Skill      XL: |  1  2 |
---------------+-------+-----
Fighting       | 4 |  4.1
Axes           | 4 |  4.1
Armour         | 3 |  3.0
Dodging        | |  2.1

Action                   || total
-------------------------++-------
Melee: Hand axe          ||    34
       Headbutt          ||     7
Armor: Animal skin       ||     6
Dodge: Dodged            ||    25
